[Event "Late-Titled-Tuesday-Blitz-June-25-2024"]
[Site "Chess.com"]
[Date "2024.06.25"]
[Round "6"]
[White "Quattroporte300"]
[Black "enriquebutti"]
[Result "1-0"]
[WhiteElo "2437"]
[BlackElo "2198"]
[TimeControl "180+1"]
[EndTime "15:04:22 PDT"]
[Termination "Quattroporte300 won by resignation"]

1. e4 c5 2. Nc3 d6 3. d4 cxd4 4. Qxd4 Bd7 5. b3 Nc6 6. Qd2 g6 7. Bb2 Bg7 8. O-O-O Rc8 9. f3 Qa5 10. Kb1 Be6 11. Nge2 Nf6 12. g4 O-O 13. h4 Rfd8 14. h5 b5 15. Nf4 b4 16. Na4 Bxg4 17. fxg4 Nxe4 18. Qe3 Nc3+ 19. Bxc3 bxc3 20. hxg6 hxg6 21. Nxg6 Rb8 22. Ka1 Nb4 23. Nxe7+ Kf8 24. Bd3 Re8 25. Rde1 Nxd3 26. Qxd3 Qb4 27. Nf5 Qa3 28. Qxd6+ Kg8 29.
Qxa3 1-0

[Event "Late-Titled-Tuesday-Blitz-June-25-2024"]
[Site "Chess.com"]
[Date "2024.06.25"]
[Round "6"]
[White "Statham_01"]
[Black "dropstoneDP"]
[Result "0-1"]
[WhiteElo "2713"]
[BlackElo "3013"]
[TimeControl "180+1"]
[EndTime "15:04:25 PDT"]
[Termination "dropstoneDP won by resignation"]

1. e4 e5 2. Nf3 Nf6 3. Nc3 Nc6 4. d4 exd4 5. Nd5 Nb4 6. Nxf6+ Qxf6 7. a3 Nc6 8. Bc4 d6 9. Bg5 Qg6 10. O-O Bg4 11.
Bh4 Be7 12. Bg3 O-O-O 13. Be2 h5 14. Nxd4 Nxd4 15. Bxg4+ Qxg4 16. Qxd4 h4 17. f3 Qg6 18. Bf2 h3 19. g3 a6 20. c4 Qh5 21. Qd3 Bf6 22.
Rab1 Rhe8 23. b4 Qe5 24. Rb3 g5 25. g4 Qe6 26. a4 Be5 27. a5 Kd7 28. b5 Ke7 29.
bxa6 bxa6 30. Rb7 Kf8 31. Rxc7 d5 32. exd5 Bxc7 33. Qh7 Qe5 34. Bc5+ Bd6 35. Qh6+ Kg8 36. Bxd6 Rxd6 37. Qg6+ 0-1

[Event "Late-Titled-Tuesday-Blitz-June-25-2024"]
[Site "Chess.com"]
[Date "2024.06.25"]
[Round "6"]
[White "Orest_Vovk"]
[Black "jbking07"]
[Result "1-0"]
[WhiteElo "2556"]
[BlackElo "2395"]
[TimeControl "180+1"]
[EndTime "15:04:28 PDT"]
[Termination "Orest_Vovk won on time"]

1. e4 c5 2. Be2 d5 3. d3 g6 4. f4 Bg7 5. Nf3 Nc6 6. c3 dxe4 7. dxe4 Qxd1+ 8. Bxd1 e5 9. Ba4 Bd7 10. O-O Nge7 11. Na3 a6 12. Nc4 b5 13. Nd6+ Kf8 14. Bc2 Nc8 15. Nb7 c4 16. a4 Nb6 17. Nc5 Ke7 18. Be3 Bg4 19. h3 Bxf3 20. Rxf3 exf4 21. Bxf4 Ne5 22. Rf2 Rhd8 23. Bg5+ f6 24. Bf4 Nbd7 25. Nxd7 Nxd7 26. Rd2 Nc5 27. axb5 axb5 28. Rxa8 Rxa8 29.
Bd6+ Ke6 30. Bxc5 Rc8 31. Bb4 1-0

[Event "Late-Titled-Tuesday-Blitz-June-25-2024"]
[Site "Chess.com"]
[Date "2024.06.25"]
[Round "6"]
[White "LewAnatol"]
[Black "1g60-1"]
[Result "0-1"]
[WhiteElo "2275"]
[BlackElo "2467"]
[TimeControl "180+1"]
[EndTime "15:04:28 PDT"]
[Termination "1g60-1 won on time"]

1. e4 e6 2. d4 d5 3. Nc3 Bb4 4. e5 Ne7 5. Qg4 c5 6. dxc5 Bxc3+ 7. bxc3 Qc7 8. f4 Qxc5 9. Bd2 O-O 10. Bd3 f5 11.
exf6 Rxf6 12. Qh5 h6 13. Ne2 Bd7 14. g4 Nbc6 15. g5 d4 16. Qh3 Rf5 17. gxh6 g6 18.
h7+ Kh8 19. cxd4 Nxd4 20. Bc3 Nc6 21. Bxf5 exf5 22. Qe3 Re8 23. Bxd4+ Nxd4 0-1

[Event "Late-Titled-Tuesday-Blitz-June-25-2024"]
[Site "Chess.com"]
[Date "2024.06.25"]
[Round "6"]
[White "PawnEatingZombie"]
[Black "Romadk"]
[Result "0-1"]
[WhiteElo "2300"]
[BlackElo "2472"]
[TimeControl "180+1"]
[EndTime "15:04:29 PDT"]
[Termination "Romadk won by checkmate"]

1. e4 Nf6 2. e5 Nd5 3. d4 d6 4. exd6 cxd6 5. c4 Nb6 6. Nc3 g6 7. Be3 Bg7 8. Rc1 O-O 9. b3 Nc6 10. Be2 Bf5 11. Nf3 d5 12. c5 Nc8 13. O-O e6 14. h3 N8e7 15. Qd2 Be4 16. Nb5 Bxf3 17.
Bxf3 Nf5 18. g4 a6 19. gxf5 axb5 20. fxe6 fxe6 21. Bg2 Qh4 22. Rcd1 b4 23. Rfe1 h6 24. Re2 g5 25. Qd3 Rf6 26. Qb5 Rf7 27. Qd3 Qh5 28. Rdd2 Rd8 29. Qb5 g4 30. hxg4 Qxg4 31. Kf1 Bxd4 32. Bxd4 Nxd4 33. Qb6 Rdf8 34. Rxd4 Qxd4 35.
Qxe6 Kh7 36. Bxd5 Rxf2+ 37. Ke1 Rf1# 0-1

[Event "Late-Titled-Tuesday-Blitz-June-25-2024"]
[Site "Chess.com"]
[Date "2024.06.25"]
[Round "6"]
[White "maracayo"]
[Black "SebbyMeister"]
[Result "1-0"]
[WhiteElo "2394"]
[BlackElo "2243"]
[TimeControl "180+1"]
[EndTime "15:04:30 PDT"]
[Termination "maracayo won by checkmate"]

1. e4 c5 2. Nf3 e6 3. d4 cxd4 4. Nxd4 a6 5. Bd3 Nf6 6. O-O Qc7 7. Nc3 Be7 8. Be3 d6 9. f4 Nbd7 10. Kh1 O-O 11. Qf3 b5 12. a3 Bb7 13. Rae1 Rfe8 14. Qh3 Bf8 15. Nf3 g6 16. e5 Nh5 17.
g4 Ng7 18. Ne4 Bxe4 19. Bxe4 Rac8 20. Ng5 h5 21. f5 exf5 22. gxf5 Nxe5 23. fxg6 fxg6 24.
Bd5+ Kh8 25. Bd4 Re7 26. c3 Rd8 27. Rf6 Ng4 28. Rxg6 Rxe1+ 29. Kg2 Re2+ 30. Kf1 Qe7 31. Qxh5+ Nh6 32. Qxh6# 1-0

[Event "Late-Titled-Tuesday-Blitz-June-25-2024"]
[Site "Chess.com"]
[Date "2024.06.25"]
[Round "6"]
[White "AlphaPerseii"]
[Black "Piriflillo"]
[Result "0-1"]
[WhiteElo "2379"]
[BlackElo "2525"]
[TimeControl "180+1"]
[EndTime "15:04:32 PDT"]
[Termination "Piriflillo won by resignation"]

1. d4 d5 2. c4 c5 3. dxc5 d4 4. Nf3 Nc6 5. e3 Bg4 6. h3 Bxf3 7. Qxf3 e5 8. Be2 Bxc5 9. O-O Nf6 10. e4 O-O 11.
Rd1 Qc7 12. Nd2 d3 13. Bxd3 Nd4 14. Qg3 Nh5 15. Qg5 Nf4 16. Nb3 Nxh3+ 17. gxh3 Nf3+ 18. Kg2 Nxg5 19. Bxg5 Be7 20. Be3 Rfd8 21. c5 Qc6 22. f3 Bh4 23. Bc4 Qg6+ 24. Kf1 Qg3 25. Nd2 Qxh3+ 26.
Kg1 Bg3 27. Nf1 Bf4 28. Bxf4 exf4 29. Kf2 Qh4+ 30. Kg2 Qg5+ 31. Kf2 Qxc5+ 32. Kg2 Qxc4 0-1

[Event "Late-Titled-Tuesday-Blitz-June-25-2024"]
[Site "Chess.com"]
[Date "2024.06.25"]
[Round "6"]
[White "djano"]
[Black "Jahonas"]
[Result "1-0"]
[WhiteElo "2580"]
[BlackElo "2439"]
[TimeControl "180+1"]
[EndTime "15:04:33 PDT"]
[Termination "djano won by checkmate"]

1. e4 c6 2. d3 d5 3. Bf4 dxe4 4. Nc3 Nf6 5. Qd2 e6 6. a3 Nd5 7. Nxe4 Nxf4 8. Qxf4 Be7 9. Nf3 Nd7 10. d4 Nf6 11. Bd3 Nxe4 12. Bxe4 Bf6 13. O-O-O h6 14. Kb1 Bd7 15.
Ne5 Qc7 16. Qg3 Rf8 17. f4 O-O-O 18. Rhe1 Kb8 19. Rd3 Bc8 20. Red1 g6 21. Qf3 Rd6 22. Nc4 Rd7 23. c3 Rfd8 24. b4 Bg7 25. Qe3 b6 26. g3 Ba6 27. Nb2 Bxd3+ 28. Nxd3 c5 29. bxc5 bxc5 30. Nxc5 Qxc5 31. dxc5 Rxd1+ 32. Kc2 R1d2+ 33. Kb3 Kc7 34. Ka4 Rb2 35. c6 Rb6 36. Qc5 Bf8 37. Qa5 Rb8 38. Qxa7+ Kd6 39. Qd7+ Kc5 40. Qd4# 1-0

[Event "Late-Titled-Tuesday-Blitz-June-25-2024"]
[Site "Chess.com"]
[Date "2024.06.25"]
[Round "6"]
[White "egnfanclub"]
[Black "osielchesslover2011"]
[Result "1-0"]
[WhiteElo "2365"]
[BlackElo "2184"]
[TimeControl "180+1"]
[EndTime "15:04:33 PDT"]
[Termination "egnfanclub won by checkmate"]

1. e4 c5 2. Nc3 Nc6 3. f4 e6 4. Nf3 d5 5. Bb5 Nf6 6. e5 Nd7 7.
Bxc6 bxc6 8. d3 Be7 9. O-O a5 10. a4 Ba6 11. b3 Qb6 12. Kh1 Qb4 13. Bd2 Qb6 14. Ne2 g6 15. c4 Rb8 16. Rb1 h6 17. Qe1 Bd8 18. Ng3 h5 19. h4 Ra8 20. Qe2 Bb7 21.
Qf2 Be7 22. Be3 d4 23. Bd2 Qd8 24. Ne4 Nb8 25. Nfg5 Na6 26. Qf3 Nc7 27. Qg3 Kf8 28. f5 exf5 29. Nd6 Bxd6 30. exd6 Ne8 31. Bf4 Qd7 32.
Rbe1 f6 33. Re7 Qc8 34. Ne6+ Kg8 35. Qxg6+ Ng7 36. Qxg7# 1-0

[Event "Late-Titled-Tuesday-Blitz-June-25-2024"]
[Site "Chess.com"]
[Date "2024.06.25"]
[Round "6"]
[White "kiwibobo"]
[Black "Gyulamiryan-koryun"]
[Result "1-0"]
[WhiteElo "2354"]
[BlackElo "1812"]
[TimeControl "180+1"]
[EndTime "15:04:34 PDT"]
[Termination "kiwibobo won on time"]

1. e4 e5 2. Nf3 Nc6 3. Bb5 a6 4.
Ba4 Nf6 5. O-O Be7 6. d3 b5 7. Bb3 O-O 8. a4 Bb7 9. Nc3 Na5 10. Bd5 c6 11. Ba2 d6 12. b4 Nd7 13. bxa5 Qxa5 14. Bd2 b4 15. Ne2 c5 16. c3 Bc6 17.
cxb4 cxb4 18. Bc4 Nb6 19. Bb3 Nd7 20. Qc2 Nc5 21. Qc4 Rab8 22. d4 Nxb3 23. Qxb3 Bxe4 24. dxe5 Bxf3 25. Qxf3 Qxe5 26. Nf4 a5 27. Nd5 Bd8 28. Rfe1 Qd4 29. Bf4 b3 30. Bxd6 b2 31. Rab1 Bg5 32.
Bxf8 Rxf8 33. Ne3 Bf6 34. Ng4 Bg5 35. Ne5 Bc1 36. Qd3 Qxa4 37. Nd7 Rd8 38. Nf6+ gxf6 39.
Qxd8+ Kg7 40. Qd3 1-0

[Event "Late-Titled-Tuesday-Blitz-June-25-2024"]
[Site "Chess.com"]
[Date "2024.06.25"]
[Round "6"]
[White "Laico"]
[Black "ukchessbomber"]
[Result "1-0"]
[WhiteElo "2469"]
[BlackElo "2610"]
[TimeControl "180+1"]
[EndTime "15:04:35 PDT"]
[Termination "Laico won by resignation"]

1. e4 e6 2. d4 b6 3. Bd3 Bb7 4. Nf3 g6 5. Qe2 Bh6 6. Bxh6 Nxh6 7. Nc3 a6 8. e5 c5 9. Ne4 Bxe4 10. Qxe4 Nc6 11.
Qf4 Nf5 12. Bxf5 gxf5 13. O-O-O cxd4 14. Nxd4 Ne7 15. Kb1 Nd5 16. Qf3 Rc8 17. Nxf5 Nc3+ 18. bxc3 exf5 19. Qxf5 Rxc3 20. e6 Qe7 21. exd7+ Kd8 22.
Qf4 Qc5 23. Qf6+ Kc7 24. d8=Q+ Rxd8 25. Qxd8+ Kb7 26. Rd7+ 1-0

[Event "Late-Titled-Tuesday-Blitz-June-25-2024"]
[Site "Chess.com"]
[Date "2024.06.25"]
[Round "6"]
[White "Frankie_Badacsonyi"]
[Black "LidongW"]
[Result "1-0"]
[WhiteElo "2502"]
[BlackElo "2344"]
[TimeControl "180+1"]
[EndTime "15:04:36 PDT"]
[Termination "Frankie_Badacsonyi won by resignation"]

1. e4 e6 2. d4 d5 3. e5 c5 4. c3 Nc6 5. Nf3 Qb6 6. a3 Bd7 7. b4 cxd4 8. cxd4 Rc8 9. Be2 a5 10.
b5 Nxd4 11. Nxd4 Rxc1 12. Qxc1 Qxd4 13. Qc3 Bc5 14. O-O Ne7 15. Ra2 Qxc3 16. Nxc3 Bd4 17. Rc2 Bxe5 18. Rd1 Nf5 19. a4 Nd4 20. Rcc1 Ke7 21.
Bf1 Nb3 22. Rc2 Rc8 23. Rd3 d4 24. Nd5+ exd5 25. Rxc8 Bxc8 26. Rxb3 Kd6 27. Rb1 Bf5 28. Rc1 d3 29. Rd1 Kc5 30. Bxd3 Bxd3 31. Rxd3 Kc4 32. Re3 Bd6 33. Re8 d4 34. Kf1 Bb4 35. Ke2 d3+ 36. Kd1 d2 37. Rb8 b6 38. Rxb6 Kb3 39.
Rc6 Kxa4 40. b6 Kb5 41. b7 Kxc6 42. b8=Q Kc5 43. Qf8+ Kc4 44. Qxf7+ Kc3 45. Qxg7+ Kb3 46. Qxh7 a4 47. Qb1+ Kc3 48. Qa2 a3 49. h4 Kd4 50.
h5 1-0

[Event "Late-Titled-Tuesday-Blitz-June-25-2024"]
[Site "Chess.com"]
[Date "2024.06.25"]
[Round "6"]
[White "UnTucopalaTimba"]
[Black "OppieZippy"]
[Result "0-1"]
[WhiteElo "2130"]
[BlackElo "2352"]
[TimeControl "180+1"]
[EndTime "15:04:36 PDT"]
[Termination "OppieZippy won by resignation"]

1. e4 c6 2. d4 d5 3. Nc3 dxe4 4.
Nxe4 Nd7 5. Nf3 Ngf6 6. Nxf6+ Nxf6 7. c3 Bf5 8. Bc4 e6 9. Bf4 Bd6 10. Bg5 O-O 11. h3 Be7 12. Bf4 Nd5 13. Bg3 Bd6 14. Ne5 Qc7 15. Qf3 Rad8 16. O-O Nb6 17. Bb3 c5 18.
Rac1 h6 19. Rfe1 a5 20. a3 a4 21. Bc2 Bxc2 22. Rxc2 cxd4 23. c4 Nd7 24. Nxd7 Rxd7 25.
Bxd6 Rxd6 26. Rd1 Rfd8 27. Rd3 b5 28. c5 Rc6 29. Rcd2 Rxc5 30. g3 Rc4 31. Kg2 Rd5 32.
Qe4 Qc5 33. h4 b4 34. b3 axb3 35. Rxb3 g6 36. axb4 Rxb4 37. Rbd3 h5 38. Kh2 Rc4 39. Kg2 Qd6 40. Ra2 Kg7 41. Ra7 Rc3 42. Qf3 Rf5 43.
Qd1 Qd5+ 44. Kg1 Qc5 45. Ra1 Rd5 46. Kg2 Qc4 47. Ra3 Rxa3 48. Rxa3 d3 49. Qa4 Qxa4 50. Rxa4 d2 0-1

[Event "Late-Titled-Tuesday-Blitz-June-25-2024"]
[Site "Chess.com"]
[Date "2024.06.25"]
[Round "6"]
[White "AlexeiShirov"]
[Black "Puzzlebot_1294"]
[Result "1-0"]
[WhiteElo "2875"]
[BlackElo "2645"]
[TimeControl "180+1"]
[EndTime "15:04:40 PDT"]
[Termination "AlexeiShirov won on time"]

1. e4 e5 2. Nf3 Nc6 3. Bb5 a6 4. Ba4 d6 5. O-O Bd7 6. d4 b5 7. Bb3 Nxd4 8. Nxd4 exd4 9. c3 dxc3 10. Qh5 g6 11. Qd5 Be6 12. Qc6+ Bd7 13. Qxc3 Nf6 14.
e5 dxe5 15. Qxe5+ Qe7 16. Qxc7 Bg7 17. Bf4 O-O 18. Bd6 Qd8 19. Qb7 Re8 20. Nc3 Qc8 21. Qf3 Bc6 22. Qg3 Nh5 23. Qd3 Rd8 24. Rad1 Nf4 25.
Qg3 Nxg2 26. Nd5 Bxd5 27. Bxd5 Rxd6 28. Qxd6 Nh4 29. Bxa8 Qxa8 30. Qd8+ Qxd8 31. Rxd8+ Bf8 32. Rc1 Kg7 33. Rc6 a5 34. Rb8 b4 35. Ra6 Nf3+ 36. Kg2 Nd4 37. Rb7 h5 38. Raa7 Kh6 39. Rxf7 Bc5 40. Rxa5 Bb6 41. Ra6 Bd8 42. Rd7 1-0

[Event "Late-Titled-Tuesday-Blitz-June-25-2024"]
[Site "Chess.com"]
[Date "2024.06.25"]
[Round "6"]
[White "WilsonPalencia21"]
[Black "Rsnr"]
[Result "1-0"]
[WhiteElo "2613"]
[BlackElo "2831"]
[TimeControl "180+1"]
[EndTime "15:04:40 PDT"]
[Termination "WilsonPalencia21 won by resignation"]

1. d4 d5 2. c4 c6 3. Nf3 Nf6 4. Nc3 dxc4 5. a4 Bf5 6. Ne5 Nbd7 7.
Nxc4 Qc7 8. g3 e5 9. dxe5 Nxe5 10. Bf4 Nfd7 11. Bg2 g5 12. Ne3 gxf4 13. Nxf5 O-O-O 14.
O-O Nc5 15. Qc2 fxg3 16. hxg3 a5 17. Nb5 cxb5 18. axb5 Kb8 19. b4 Ne6 20. Qe4 Bxb4 21. b6 Qxb6 22. Qxe5+ Nc7 23. Ne3 Rhe8 24. Qf4 Rd7 25. Rfb1 Qd4 26. Qf3 Na6 27. Rd1 Rxe3 28. Rxd4 Rxf3 29. Rxd7 Rf6 30. Rxb7+ Kc8 31. Rc1+ Kd8 32.
Bh3 Bc5 33. e3 a4 34. Rb5 Bb4 35. Rc8+ Ke7 36. Rb7+ Kd6 37. Rb6+ Ke7 38. Rxf6 Kxf6 39. Rc6+ 1-0

[Event "Late-Titled-Tuesday-Blitz-June-25-2024"]
[Site "Chess.com"]
[Date "2024.06.25"]
[Round "6"]
[White "yaguigor"]
[Black "Jarming"]
[Result "0-1"]
[WhiteElo "2554"]
[BlackElo "2713"]
[TimeControl "180+1"]
[EndTime "15:04:40 PDT"]
[Termination "Jarming won by resignation"]

1. e4 c5 2. Nf3 d6 3. d4 cxd4 4. Nxd4 Nf6 5. Nc3 g6 6. Be3 Bg7 7. f3 O-O 8. Qd2 Nc6 9. O-O-O d5 10. Qe1 e5 11. Nxc6 bxc6 12. exd5 Nxd5 13. Bc4 Be6 14. Kb1 Rb8 15. Ne4 Qc7 16. Bc5 Rfd8 17. g4 h6 18.
h4 f5 19. gxf5 gxf5 20. Ng3 Qf7 21. Bb3 a5 22. Qxa5 Rd7 23. Rhg1 Rb5 24. Qa8+ Kh7 25. Qxc6 Rbb7 26. Nh5 Bh8 27. Bf2 Rbc7 28. Qa6 Nc3+ 29.
bxc3 Bxb3 30. axb3 Rxd1+ 31. Rxd1 Qxh5 32. Qd6 Rf7 33. Qe6 Bg7 34. Rd3 e4 35. fxe4 f4 36. Qd5 Qe2 37.
Qxf7 Qxf2 38. Qf6 Bxf6 0-1

[Event "Late-Titled-Tuesday-Blitz-June-25-2024"]
[Site "Chess.com"]
[Date "2024.06.25"]
[Round "6"]
[White "Bilan_Danila"]
[Black "SujanaLohani"]
[Result "1-0"]
[WhiteElo "2618"]
[BlackElo "2300"]
[TimeControl "180+1"]
[EndTime "15:04:40 PDT"]
[Termination "Bilan_Danila won by resignation"]

1. d4 Nf6 2. Nf3 g6 3. Bg5 Bg7 4. c3 c5 5. e3 O-O 6. Nbd2 d5 7. Bd3 Nc6 8. O-O h6 9. Bh4 g5 10. Bg3 Nh5 11. dxc5 e5 12. Nxe5 Nxg3 13. Nxc6 Qc7 14. hxg3 Qxc6 15. Nb3 f5 16. c4 Bxb2 17. Rb1 Bg7 18. Qc2 f4 19. cxd5 Qf6 20. Nd4 Qe5 21.
gxf4 gxf4 22. Nf3 Qh5 23. e4 Bg4 24. Be2 Rf6 25. e5 Rg6 26. Bd3 Bxf3 27. Bxg6 Qg4 28. Bh7+ Kh8 29. Qg6 Qxg6 30. Bxg6 Bxd5 31. Rfe1 Bf8 32.
Be4 Rd8 33. Bxd5 Rxd5 34. e6 Bxc5 35. e7 Bxe7 36. Rxe7 Rd2 37. Rbxb7 1-0

[Event "Late-Titled-Tuesday-Blitz-June-25-2024"]
[Site "Chess.com"]
[Date "2024.06.25"]
[Round "6"]
[White "Meri-Arabidze"]
[Black "ncofre98"]
[Result "1-0"]
[WhiteElo "2698"]
[BlackElo "2534"]
[TimeControl "180+1"]
[EndTime "15:04:42 PDT"]
[Termination "Meri-Arabidze won by resignation"]

1. c4 e5 2. Nc3 Nc6 3. g3 f5 4. Bg2 Nf6 5. d3 Bb4 6. Bd2 O-O 7. Nf3 d6 8. O-O Bxc3 9. Bxc3 Qe8 10. b4 Qh5 11. b5 Nd8 12. c5 f4 13. cxd6 cxd6 14.
Bb4 Nf7 15. Qb3 Kh8 16. Rac1 Bh3 17. Rc7 Bxg2 18. Kxg2 Ng4 19. h3 Ngh6 20. Rxb7 Ng5 21. Nxg5 Qxg5 22. Bxd6 Nf5 23. Bxf8 Rxf8 24. Qf7 Rg8 25. g4 Nd4 26. Re7 Nxb5 27. Re8 1-0

[Event "Late-Titled-Tuesday-Blitz-June-25-2024"]
[Site "Chess.com"]
[Date "2024.06.25"]
[Round "6"]
[White "rionelG"]
[Black "ChadBiryani"]
[Result "1-0"]
[WhiteElo "2392"]
[BlackElo "2508"]
[TimeControl "180+1"]
[EndTime "15:04:42 PDT"]
[Termination "rionelG won on time"]

1. e4 d6 2. d4 Nf6 3. Nc3 e5 4. Nf3 Nbd7 5. Bc4 Be7 6. a4 O-O 7. O-O c6 8. Qe2 h6 9. a5 Re8 10. dxe5 Nxe5 11. Nxe5 dxe5 12. Be3 Qc7 13. Rfd1 Bb4 14.
Na4 Be6 15. Bxe6 Rxe6 16. c3 Bf8 17. f3 Rd6 18. b4 Ne8 19. Qf2 a6 20. Bb6 Qc8 21.
Bc5 Rxd1+ 22. Rxd1 Qe6 23. Bxf8 Kxf8 24. Nc5 Qc4 25.
Qd2 g5 26. Nd7+ Kg8 27. Nb6 Qe6 28. Nxa8 Kg7 29. Qd7 Qb3 30. h4 Nf6 31. Qd3 Nh5 32. hxg5 hxg5 33. Kh2 Nf4 34. Qd2 Qe6 35. Nb6 Qh6+ 36. Kg1 g4 37. Qf2 1-0

[Event "Late-Titled-Tuesday-Blitz-June-25-2024"]
[Site "Chess.com"]
[Date "2024.06.25"]
[Round "6"]
[White "nindjaxx8"]
[Black "VD_coach"]
[Result "0-1"]
[WhiteElo "2713"]
[BlackElo "2566"]
[TimeControl "180+1"]
[EndTime "15:04:47 PDT"]
[Termination "VD_coach won on time"]

1. d4 Nf6 2. c4 g6 3. Nc3 Bg7 4.
e4 O-O 5. Be2 d6 6. Be3 c5 7. d5 b5 8. cxb5 a6 9. a4 Qa5 10. f3 axb5 11. Bxb5 Ba6 12. Kf2 Bxb5 13. Nxb5 Na6 14. Ne2 Nc7 15. Nec3 Rfb8 16. Nxc7 Rxb2+ 17. Ne2 Qxc7 18. Qc1 Rab8 19. a5 Qa7 20. Re1 Nd7 21.
Qd1 Ne5 22. Kf1 Qa6 23. Kg1 Nd3 24. Rf1 Nb4 25. Ng3 Nc2 26. Bf2 Nxa1 27. Qxa1 Rxf2 28. Qxg7+ Kxg7 29. Rxf2 Qxa5 30. Rf1 Rb2 31. Rf2 Qa1+ 32.
Rf1 Rb1 33. Rxb1 Qxb1+ 34. Kf2 c4 35. Ne2 Qd3 0-1

[Event "Late-Titled-Tuesday-Blitz-June-25-2024"]
[Site "Chess.com"]
[Date "2024.06.25"]
[Round "6"]
[White "Kielinkei"]
[Black "KatakuriDono"]
[Result "1-0"]
[WhiteElo "2505"]
[BlackElo "2324"]
[TimeControl "180+1"]
[EndTime "15:04:47 PDT"]
[Termination "Kielinkei won by resignation"]

1. d4 d5 2. Bf4 Nf6 3. Nf3 c5 4.
e3 Nc6 5. Nbd2 e6 6. c3 cxd4 7. exd4 Nh5 8. Be3 Bd6 9. g3 O-O 10. Bd3 f5 11. Ne5 Qe8 12. f4 Nf6 13. O-O Bxe5 14.
fxe5 Ng4 15. Bf4 Qh5 16. Nf3 g5 17. Bxg5 Nxh2 18. Nxh2 Qxg5 19. Qf3 Bd7 20. Qf4 Qg7 21. Nf3 Ne7 22. Kf2 Ng6 23. Qg5 f4 24. g4 Be8 25. Rh1 Rc8 26. Rh2 Rc7 27. Rah1 Qh8 28. Nh4 Rg7 29. Qh6 a6 30. Nf3 Bb5 31. Bxb5 axb5 32.
Ng5 f3 33. Nxe6 Nf4 34. Qxg7+ Qxg7 35. Nxg7 Kxg7 36. Kxf3 h5 37. gxh5 Nxh5+ 38. Ke3 Nf4 39. Rg1+ 1-0

[Event "Late-Titled-Tuesday-Blitz-June-25-2024"]
[Site "Chess.com"]
[Date "2024.06.25"]
[Round "6"]
[White "KorolDimitriy75"]
[Black "jinxy2009"]
[Result "1-0"]
[WhiteElo "2404"]
[BlackElo "2255"]
[TimeControl "180+1"]
[EndTime "15:04:47 PDT"]
[Termination "KorolDimitriy75 won by resignation"]

1. d4 d5 2. c4 c6 3. Nc3 Nf6 4. e3 e6 5. Nf3 Nbd7 6. Bd3 Bd6 7.
O-O O-O 8. e4 dxc4 9. Bxc4 b5 10. Bb3 b4 11. e5 bxc3 12. bxc3 Be7 13. exf6 Nxf6 14. Qd3 c5 15. Bg5 cxd4 16. cxd4 h6 17. Bh4 Bb7 18. Rad1 Bd5 19. Rfe1 Bxb3 20. Qxb3 Nd5 21.
Bxe7 Nxe7 22. h3 Nd5 23. Ne5 Qg5 24. Qf3 Rad8 25. Re4 Qf6 26. Qg3 Kh7 27. Rg4 g6 28.
Re1 h5 29. Rge4 Ne7 30. Rf4 Nf5 31. Qf3 Rxd4 32. Rxd4 1-0

[Event "Late-Titled-Tuesday-Blitz-June-25-2024"]
[Site "Chess.com"]
[Date "2024.06.25"]
[Round "6"]
[White "h4parah5"]
[Black "Ali_rastbod"]
[Result "1-0"]
[WhiteElo "2970"]
[BlackElo "2711"]
[TimeControl "180+1"]
[EndTime "15:04:50 PDT"]
[Termination "h4parah5 won by resignation"]

1. Nf3 d5 2. e3 Nf6 3. c4 e6 4. b3 Bd6 5. Bb2 O-O 6. Be2 Nc6 7. d4 b6 8. O-O Bb7 9. Nbd2 Re8 10. Rc1 e5 11. cxd5 Nxd5 12. Bb5 e4 13. Bxc6 Bxc6 14. Rxc6 Re6 15. Ne5 f6 16. Nxe4 fxe5 17. dxe5 Ne7 18. exd6 Nxc6 19. Qd5 Qd7 20. Ng5 Re8 21. Nxe6 Rxe6 22.
dxc7 Qxd5 23. c8=Q+ Kf7 24. Qc7+ Re7 25. Qf4+ Kg8 26.
Rc1 h6 27. Qc4 Qxc4 28. Rxc4 Rd7 29. Kf1 Rd1+ 30. Ke2 Rb1 31. Bxg7 Kxg7 32. Rxc6 Rb2+ 33. Kf3 Rxa2 34. g4 Rb2 35. Rc7+ Kg8 36. Rxa7 Rxb3 37.
h4 Rb2 38. g5 hxg5 39. hxg5 b5 40. Rb7 b4 41. e4 b3 42. e5 Rb1 43. Kf4 b2 44. f3 Kf8 45. g6 Kg8 46. e6 Re1 47. Rxb2 Rxe6 48. Kg5 Rc6 49. f4 Rc1 50. f5 Kf8 51.
Rb8+ Ke7 52. f6+ Ke6 53. Re8+ Kd7 54. f7 Rg1+ 55. Kf4 Rf1+ 56. Kg3 Rg1+ 57. Kf2 Rxg6 58. f8=Q Kc7 59. Qf7+ 1-0

[Event "Late-Titled-Tuesday-Blitz-June-25-2024"]
[Site "Chess.com"]
[Date "2024.06.25"]
[Round "6"]
[White "Jagerrmeisterr"]
[Black "Fandorine"]
[Result "0-1"]
[WhiteElo "2667"]
[BlackElo "2919"]
[TimeControl "180+1"]
[EndTime "15:04:50 PDT"]
[Termination "Fandorine won by resignation"]

1. e4 c5 2. Nc3 g6 3. g3 Bg7 4. Bg2 Nc6 5. d3 d6 6. Be3 Rb8 7. Qd2 b5 8. h3 b4 9. Nd1 a5 10. f4 h5 11. Ne2 Nd4 12. Nc1 e6 13. c3 Nc6 14. O-O Nge7 15. d4 bxc3 16. bxc3 cxd4 17. cxd4 d5 18. e5 Nf5 19. Bf2 Ba6 20. Re1 Rb4 21. a3 Rc4 22. Nb2 Rxd4 23. Bxd4 Ncxd4 24. Qf2 Qb6 25. Na4 Qc6 26. g4 hxg4 27. hxg4 Qxa4 28.
gxf5 Nxf5 29. Ne2 Bxe2 30. Rxe2 Rh4 31. Qa7 Qd4+ 32. Qxd4 Nxd4 33. Rf2 Bh6 34. Rb1 Bxf4 35. Rb8+ Ke7 36. Rb7+ Kf8 37. Kf1 g5 38. a4 Nf5 39.
Rb5 Bxe5 40. Rxa5 Ng3+ 41. Kg1 Bd4 42. Ra8+ Kg7 43. a5 Rf4 44. Kh2 Bxf2 45. a6 Rh4+ 46.
Bh3 g4 47. Kg2 gxh3+ 48. Kh2 Nf5 49. a7 Ra4 0-1

[Event "Late-Titled-Tuesday-Blitz-June-25-2024"]
[Site "Chess.com"]
[Date "2024.06.25"]
[Round "6"]
[White "lamomiajunior"]
[Black "Sanan_Sjugirov"]
[Result "1/2-1/2"]
[WhiteElo "2763"]
[BlackElo "2999"]
[TimeControl "180+1"]
[EndTime "15:04:51 PDT"]
[Termination "Game drawn by repetition"]

1. d4 Nf6 2. Nc3 d5 3. Bf4 Bf5 4. f3 e6 5. g4 Bg6 6. Qd2 a6 7. h4 h5 8. g5 Nfd7 9. e4 Nb6 10. Nh3 Nc6 11. O-O-O Qd7 12. Bg3 O-O-O 13. Nf4 dxe4 14.
Nxg6 fxg6 15. Nxe4 Qxd4 16. Qxd4 Nxd4 17. Bh3 Nf5 18. Be5 Re8 19. b3 Nxh4 20. Rd3 Nf5 21. c4 Nd7 22. Bc3 Nc5 23. Nxc5 Bxc5 24. Re1 Bd6 25. Kc2 Bf4 26. Bd2 Bxd2 27. Rxd2 Re7 28. c5 Rhe8 29. Re5 c6 30. b4 Kc7 31. Kc3 Rd7 32. Rde2 Red8 33. Bxf5 exf5 34. Re6 Rd3+ 35. Kc2 Rxf3 36. Rxg6 Rd7 37. Rge6 Rg3 38. Re8 Rxg5 39. Rh8 Rd8 40. Re7+ Kc8 41. Rh7 f4 42. Rf7 Rg4 43.
Rxh5 Rg2+ 44. Kc3 Rg3+ 45. Kc4 f3 46. Rhf5 Rg4+ 47. Kc3 Rdd4 48. a3 Rd7 49. Rf8+ Kc7 50. Rxf3 g5 51. Rg8 Rf4 52. Rxf4 gxf4 53. Rf8 Re7 54.
Rxf4 Re3+ 55. Kb2 a5 56. Rf7+ Kb8 57. Rg7 Ka7 58. Rh7 axb4 59. axb4 Ka6 60. Rg7 Rd3 61.
Rh7 Re3 62. Rg7 Rd3 63. Re7 Rd8 64. Kb3 Rd3+ 65. Ka4 Rd1 66. Re8 Ra1+ 67. Kb3 Kb5 68. Rb8 Rb1+ 69. Kc3 Rc1+ 70. Kb3 Rb1+ 71. Kc3 Rc1+ 72.
Kb3 Rb1+ 1/2-1/2

[Event "Late-Titled-Tuesday-Blitz-June-25-2024"]
[Site "Chess.com"]
[Date "2024.06.25"]
[Round "6"]
[White "Zhigalko_Sergei"]
[Black "AlexOstrovskiy"]
[Result "1-0"]
[WhiteElo "2970"]
[BlackElo "2713"]
[TimeControl "180+1"]
[EndTime "15:04:51 PDT"]
[Termination "Zhigalko_Sergei won by resignation"]

1. e4 d5 2. exd5 Nf6 3. d4 Bg4 4. Bb5+ Nbd7 5. Be2 Bxe2 6. Qxe2 Nxd5 7. c4 N5f6 8. Nf3 e6 9. O-O Be7 10. Nc3 c6 11. Bf4 O-O 12. Rad1 Re8 13. Rd3 Qa5 14. Rfd1 Rad8 15. Ne5 Nf8 16. a3 Ng6 17. Bg3 Qa6 18.
Qf3 c5 19. Nb5 Rc8 20. Nxg6 hxg6 21. Nc7 Rxc7 22. Bxc7 Qxc4 23. Qxb7 Nd5 24. Be5 cxd4 25. Rxd4 Qc2 26. Qxa7 Bc5 27. Qa4 Qxa4 28. Rxa4 f6 29.
Bd4 Bf8 30. Rc4 Rd8 31. g3 Nb6 32. Rcc1 Nd5 33. Bc5 Rb8 34. b4 Ra8 35. Rd3 g5 36. Bxf8 Kxf8 37. b5 Ke7 38. Rb3 Kd6 39. b6 Rb8 40. b7 Kd7 41. a4 Ne7 42. a5 Nc6 43. a6 1-0